 Dungeon Crawl Stone Soup version 0.28.0-47-ge53b351184 (webtiles) character file.

Game seed: 11085038643721280680

63 DildoBatman the Conjurer (level 4, -4/30 HPs)
             Began as a Formicid Conjurer on May 3, 2022.
             Killed by nerve-wracking pain
             ... invoked by Jessica
              (12 damage)
             ... on level 1 of the Dungeon.
             The game lasted 00:04:04 (1825 turns).

DildoBatman the Conjurer (Formicid Conjurer)        Turns: 1825, Time: 00:04:04

Health: -4/30      AC:  2    Str: 11    XL:     4   Next: 30%
Magic:  7/7        EV: 12    Int: 18    God:
Gold:   90         SH:  0    Dex: 11    Spells: 4/7 levels left

rFire   . . .      SeeInvis +   r - +0 rapier
rCold   . . .      Faith    .   (no shield)
rNeg    . . .      Spirit   .   a - +0 robe
rPois   .          Reflect  .   (helmet unavailable)
rElec   .          Harm     .   (no cloak)
rCorr   .          Rampage  .   (no gloves)
Will    .....                   (no boots)
Stlth   ++........              (no amulet)
HPRegen 0.10/turn               (no ring)
MPRegen 0.10/turn               (no ring)

@: no status effects
A: permanent stasis, dig shafts and tunnels, antennae 3, four strong arms
a: Dig, Shaft Self


You were on level 1 of the Dungeon.
You visited 1 branch of the dungeon, and saw 3 of its levels.

You collected 90 gold pieces.

Inventory:

Hand Weapons
 b - a +0 short sword
 r - a +0 rapier (weapon)
Missiles
 c - 40 sling bullets
 f - 51 stones
 h - a throwing net
 i - 4 boomerangs
 l - 5 javelins
 p - 22 arrows
Armour
 a - a +0 robe (worn)
Scrolls
 d - a scroll of magic mapping {unknown}
 e - 2 scrolls of vulnerability {unknown}
 g - 4 scrolls of identify {unknown}
 q - a scroll of immolation {unknown}
 s - a scroll of teleportation {unknown}
Potions
 j - 2 potions of curing {unknown}
 k - a potion of lignification {unknown}
 m - a potion of flight {unknown}
 n - a potion of magic {unknown}
 o - a potion of berserk rage {unknown}


   Skills:
 - Level 1.7 Dodging
 - Level 2.4 Stealth
 - Level 2.1 Spellcasting
 * Level 5.0 Conjurations


You had 4 spell levels left.
You knew the following spells:

 Your Spells              Type           Power      Damage    Failure   Level
a - Searing Ray           Conj           40%        2d5       3%          2
c - Magic Dart            Conj           80%        1d7       2%          1

Your spell library contained the following spells:

 Spells                   Type           Power      Damage    Failure   Level
 Dazzling Flash           Conj/Hex       22%        N/A       19%         3
 Fulminant Prism          Conj/Hex       5%         3d7       52%         4
 Iskenderun's Mystic Bla  Conj/Tloc      11%        2d4       52%         4


Dungeon Overview and Level Annotations

Branches:
Dungeon (3/15)

Altars:

Annotations:
D:1 Jessica
D:3 Sigmund


Innate Abilities, Weirdness & Mutations

You cannot be hasted, slowed, berserked, paralysed or teleported.
You can dig through walls and to a lower floor.
You have a pair of large antennae on your head. (SInv)
Your four strong arms can wield two-handed weapons with a shield.


Message History

There is a stone staircase leading down here.
You climb downwards.
Level annotation: Sigmund
Found 13 gold pieces.
There is a stone staircase leading up here.
Jessica shouts!
Jessica mumbles some strange words.
Jessica blinks!
Jessica casts a spell at you. Pain shoots through your body!
Jessica looks very angry.
Jessica hits you with a +0 dagger.
You climb upwards.
There is a stone staircase leading down here.
There is a stone staircase leading up here.
You climb upwards.
There is a stone staircase leading down here.
Jessica mumbles some strange words.
Jessica blinks!
Jessica gestures at you while chanting. Pain shoots through your body!
Jessica casts a spell.
Jessica seems to speed up.
Jessica gestures wildly while chanting.
Jessica blinks!
Jessica closely misses you. Jessica hits you with a +0 dagger.
Jessica gestures at you while chanting.
Your stasis prevents you from being slowed.
Jessica gestures at you while chanting.
You barely resist. Jessica hits you with a +0 dagger.
Jessica shouts, "Stop bothering me, or I'll kill you!"
Jessica mumbles something strange.
Jessica hits you but does no damage. Jessica casts a spell at you.
You barely resist. Jessica gestures at you while chanting.
Pain shoots through your body!
You die...

# #.# ######### #.#
....)...# #.#
#######.# #.#
#######.# #.#
......#.# #@#
.###.##.# #.#
.###.##.###########.#
.............@..@..>#
.###.##.#####......##
.# #.##.#####......#
.# #...............#
.# ###.####...#...##
.# #...#........# .#
##...........# .#
#...........# .#
#...........#


You could see Jessica (fast).

Vanquished Creatures
  2 adders (D:3)
  A dart slug (D:2)
  5 bats
  8 endoplasms
  2 giant cockroaches
  5 goblins
  A hobgoblin (D:3)
  A quokka (D:1)
  A ball python (D:1)
  5 frilled lizards
  7 kobolds
  2 rats (D:1)
40 creatures vanquished.

Notes
Turn   | Place    | Note
-------+----------+-------------------------------------------
     0 | D:1      | DildoBatman the Formicid Conjurer began the quest for the
                  | Orb.
     0 | D:1      | Reached XP level 1. HP: 13/13 MP: 3/3
    80 | D:1      | Found a faded altar of an unknown god.
   398 | D:1      | Reached XP level 2. HP: 19/19 MP: 0/5
   401 | D:1      | Learned a level 2 spell: Searing Ray
   464 | D:1      | Reached skill level 4 in Conjurations
   987 | D:1      | Reached XP level 3. HP: 12/24 MP: 0/6
  1577 | D:3      | Reached XP level 4. HP: 30/30 MP: 0/7
  1758 | D:3      | Noticed Sigmund
  1770 | D:3      | Reached skill level 5 in Conjurations
  1786 | D:3      | Noticed Jessica
  1825 | D:1      | Killed from afar by Jessica

Illustrated notes

Levels and vault maps discovered:
D:1:      sevenhm_arrival_forest_fort_small_6, layout_basic,
          basic_ecumenical_altar
D:2:      layout_rooms
D:3:      layout_loops_cross, uniq_sigmund, uniq_grinder, uniq_jessica

Skill      XL: |  1  2  3  4 |
---------------+-------------+-----
Conjurations   | 4 5 |  5.0
Dodging        | |  1.7
Stealth        | |  2.4
Spellcasting   | |  2.1

Action                   |  1- 3 |  4- 6 || total
-------------------------+-------+-------++-------
Melee: Short sword       |    13 |       ||    13
       Rapier            |       |     1 ||     1
 Cast: Magic Dart        |    50 |     2 ||    52
       Searing Ray       |     4 |     1 ||     5
 Stab: Sleeping          |       |     1 ||     1
Armor: Robe              |     5 |     1 ||     6
Dodge: Dodged            |    30 |     4 ||    34
